 Dungeon Crawl Stone Soup version 0.30.1-11-g7821555f0a (webtiles) character file.

Game seed: 13302722346663037940

14938 lonewolfV2 the Nimble (level 12, -3/121 HPs)
             Began as a Formicid Fighter on Nov 5, 2023.
             Was an Elder of Qazlal.
             Killed from afar by a starcursed mass (10 damage)
             ... with an accursed screaming
             ... on level 2 of the Abyss.
             The game lasted 00:24:30 (16498 turns).

lonewolfV2 the Nimble (Formicid Fighter)           Turns: 16498, Time: 00:24:31

Health: -3/121     AC: 29    Str: 25    XL:     12   Next: 51%
Magic:  19/19      EV:  2    Int: 16    God:    Qazlal [****..]
Gold:   745        SH: 17    Dex: 18    Spells: 11/11 levels left

rFire   . . .        k - +7 whip "Etad" {chaos, rC+ rCorr}
rCold   + . .        x - +2 kite shield {AC+3}
rNeg    + . .        P - melded +0 plate armour
rPois   +            (helmet unavailable)
rElec   .            M - melded +0 cloak
rCorr   +            H - melded +1 pair of gloves
SInv    +            m - melded +1 pair of boots "Ekuryttu" {rN++ Str+4}
Will    +....        u - amulet of Riume {Acrobat Str+3}
Stlth   +            b - +5 ring of evasion
HPRegen 0.40/turn    D - ring "Wadehet" {Drain rN+ Int+6 Dex+3 SInv}
MPRegen 0.16/turn

%: repel missiles, acrobat
@: mighty, tree-form
A: stationary, stasis, torment immunity, boosted hp, permanent stasis, dig
shafts and tunnels, (antennae 3), four strong arms, (deformed body), frail 1,
(poison resistance)
a: Renounce Religion, Upheaval, Elemental Force


You were on level 2 of the Abyss.
You worshipped Qazlal.
Qazlal was greatly pleased with you.
You were a tree.
You visited 2 branches of the dungeon, and saw 13 of its levels.
You visited the Abyss 1 time.

You collected 745 gold pieces.

Inventory:

Hand Weapons
 a - a +1 war axe of protection
 k - the +7 whip "Etad" (weapon) {chaos, rC+ rCorr}
   (You found it on level 2 of the Dungeon)

   rC:        It protects you from cold.
   rCorr:     It protects you from acid and corrosion.
 w - a +4 heavy war axe
Missiles
 g - 6 throwing nets
Armour
 c - a +1 buckler
 m - the +1 pair of boots "Ekuryttu" (melded) {rN++ Str+4}
   (You acquired it on level 5 of the Dungeon)

   Str:       It affects your strength (+4).
   rN:        It greatly protects you from negative energy.
 x - a +2 kite shield of protection (worn)
 H - a +1 pair of gloves (melded)
 M - a +0 cloak (melded)
 P - a +0 plate armour (melded)
Jewellery
 b - a +5 ring of evasion (left branch)
 l - an amulet of faith
 o - a +4 ring of protection
 p - a +5 ring of evasion
 t - a ring of ice
 u - the amulet of Riume (around neck) {Acrobat Str+3}
   (You acquired it on level 6 of the Dungeon)

   [amulet of the acrobat]

   It increases your evasion while moving and waiting.
   Str:       It affects your strength (+3).
 D - the ring "Wadehet" (right branch) {Drain rN+ Int+6 Dex+3 SInv}
   (You acquired it on level 6 of the Dungeon)

   [ring of intelligence]

   Int:       It affects your intelligence (+6).
   Dex:       It affects your dexterity (+3).
   rN:        It protects you from negative energy.
   SInv:      It lets you see invisible.
   Drain:     It drains your maximum health when unequipped.
 G - an amulet of reflection
 I - an amulet of regeneration
Wands
 i - a wand of digging (1)
 s - a wand of flame (38)
 y - a wand of polymorph (10)
 E - a wand of paralysis (14)
 F - a wand of acid (3)
Scrolls
 h - 4 scrolls of teleportation
 v - 4 scrolls of immolation
 A - 5 scrolls of poison
 O - 2 scrolls of torment
Potions
 d - 3 potions of might
 e - 4 potions of degeneration
 f - a potion of invisibility {unknown}
 n - 4 potions of attraction
 q - 5 potions of magic
 r - a potion of ambrosia {unknown}
 z - a potion of berserk rage {unknown}
 C - a potion of lignification
 J - a potion of brilliance {unknown}
 K - 2 potions of haste
 N - a potion of cancellation {unknown}
 Q - a potion of flight {unknown}
Miscellaneous
 L - a tin of tremorstones (inert)


   Skills:
 - Level 7.5 Fighting
 - Level 2.0(6.0) Axes
 - Level 9.0(9.1) Maces & Flails
 * Level 6.5 Armour
 + Level 12.0 Dodging
 - Level 4.0 Shields
 + Level 9.8 Invocations


You had 11 spell levels left.
You didn't know any spells.
Your spell library contained the following spells:

 Spells                   Type           Power      Damage    Failure   Level
 Foxfire                  Conj/Fire      0%         2x1d4     45%         1
 Magic Dart               Conj           0%         1d3       45%         1
 Call Imp                 Summ           0%         N/A       61%         2
 Cigotuvi's Dreadful Rot  Necr/Pois/Air  0%         N/A       61%         2
 Searing Ray              Conj           0%         2d4       61%         2
 Sublimation of Blood     Necr           0%         N/A       61%         2
 Wereblood                Tmut           0%         N/A       61%         2
 Call Canine Familiar     Summ           0%         N/A       83%         3
 Mephitic Cloud           Conj/Pois/Air  0%         N/A       83%         3
 Portal Projectile        Hex/Tloc       0%         N/A       83%         3
 Leda's Liquefaction      Hex/Erth       0%         N/A       99%         4
 Petrify                  Tmut/Erth      0%         N/A       99%         4
 Blade Hands              Tmut           0%         N/A       100%        5
 Fireball                 Conj/Fire      0%         3d3       100%        5
 Irradiate                Conj/Tmut      0%         3d11      100%        5
 Summon Forest            Summ/Tloc      0%         N/A       100%        5
 Summon Mana Viper        Hex/Summ       0%         N/A       100%        5
 Plasma Beam              Fire/Air       0%         2x1d11    100%        6
 Starburst                Conj/Fire      0%         6d3       100%        6
 Summon Cactus Giant      Summ           0%         N/A       100%        6
 Dragon Form              Tmut           0%         N/A       100%        7


Dungeon Overview and Level Annotations

Branches:
Dungeon (12/15)            Temple (1/1) D:5            Lair (0/5) D:10
    Orc (0/2) D:10

Altars:
Ashenzari
Cheibriados
Dithmenos
Elyvilon
Fedhas
Gozag
Hepliaklqana
Kikubaaqudgha
Makhleb
Nemelex Xobeh
Okawaru
Qazlal
Ru
Sif Muna
Trog
Uskayaw
Vehumet
Wu Jian
Xom
Yredelemnul
Zin
The Shining One

Shops:
D:6 (

Annotations:
D:7 3 runed translucent doors, lonewolfV2's ghost, novice MiFi
D:12 Sonja


Innate Abilities, Weirdness & Mutations

You are a tree.
Your roots penetrate the ground, keeping you stationary.
You cannot be teleported.
You are immune to unholy pain and torment.
Your maximum health is greatly increased.
Your equipment is partially melded.
You cannot be hasted, slowed, berserked, paralysed or teleported.
You can dig through walls and to a lower floor.
((You have a pair of large antennae on your head. (SInv)))
Your four strong arms can wield two-handed weapons with a shield.
((Armour fits poorly on your strangely shaped body.))
You are frail. (-10% HP)
((Your system is resistant to poisons. (rPois)))


Message History

The starcursed mass shudders and is absorbed by its neighbour.
A starcursed mass comes into view.
A starcursed mass splits.
You hit the dire elephant zombie.
The dire elephant zombie is lightly damaged.
A starcursed mass splits.
You block the starcursed mass's attack.
The dire elephant zombie tramples you but does no damage.
The dire elephant zombie trunk-slaps you but does no damage.
You whack the dire elephant zombie!
The dire elephant zombie convulses!!
The dire elephant zombie is moderately damaged.
A starcursed mass splits. x3
You whack the dire elephant zombie! You burn the dire elephant zombie.
The dire elephant zombie is heavily damaged.
The starcursed mass is no longer unusually resistant. x2
The starcursed mass is engulfed in freezing vapours.
A starcursed mass splits.
The starcursed mass shudders and is absorbed by its neighbour.
A starcursed mass splits.
An iron dragon zombie comes into view.
You block the dire elephant zombie's attack.
The dire elephant zombie trunk-slaps you but does no damage.
You hit the dire elephant zombie. You burn the dire elephant zombie.
The dire elephant zombie is heavily damaged.
The starcursed mass is no longer unusually resistant.
A cacophony of accursed wailing tears at your sanity!
* * * LOW HITPOINT WARNING * * *
You hit the dire elephant zombie.
The dire elephant zombie is heavily damaged.
A starcursed mass splits.
The dire elephant zombie tramples you but does no damage.
The dire elephant zombie trunk-slaps you but does no damage.
You whack the dire elephant zombie! You burn the dire elephant zombie.
The dire elephant zombie is heavily damaged.
You block the starcursed mass's attack.
A starcursed mass splits. x2
You hit the dire elephant zombie.
The dire elephant zombie is heavily damaged.
You block the dire elephant zombie's attack. x2
A starcursed mass splits. x2
A cacophony of accursed wailing tears at your sanity!
You die...

... .#..# ..
#... ...#.
... #...
XX.##... #...
#........
#... X.......
#.. #○..#....
{#..##.......
{{#XXZ♣☼...#
#.X°°X...#
#XXX..X..#
#.XX#.#.###
...#.X#####
♣...#.. ♣..
.. .. .##. ..


You could see 14 starcursed masses and a dire elephant zombie.

Vanquished Creatures
  Harold (D:11)
  Erica (D:10)
  A catoblepas (D:9)
  A two-headed ogre (D:9)
  A skeletal warrior (D:9)
  A necromancer (Abyss:2)
  3 cyclopes
  An ugly thing (D:12)
  2 kobold demonologists (D:9)
  A troll (D:11)
  2 hornets
  A vampire (D:9)
  Sigmund (D:5)
  3 shadows (D:10)
  3 wyverns
  18 yaks
  A steam dragon (D:7)
  2 two-headed ogre zombies (D:10)
  2 acid dragons (D:9)
  2 water moccasins
  6 orc warriors
  4 sky beasts
  2 ice beasts (D:6)
  2 black bears
  A centaur (D:10)
  An ogre (D:7)
  4 phantoms
  2 kobold brigands (D:7)
  2 bullfrogs (D:8)
  A gnoll sergeant (D:9)
  A scorpion (D:7)
  2 troll zombies (D:10)
  4 howler monkeys
  15 orc priests
  A gnoll bouda (D:7)
  2 starcursed masses (Abyss:2)
  2 hounds
  A sleepcap (D:5)
  2 iguanas
  17 orc wizards
  4 ogre zombies (D:10)
  18 gnolls
  13 adders
  4 river rats (D:10)
  2 shadow imps
  A white imp (D:7)
  2 worms
  3 dart slugs
  44 orcs
  11 endoplasms
  A giant cockroach (D:3)
  9 goblins
  6 hobgoblins
  3 jackals (D:2)
  19 kobolds
  5 quokkas
  7 ball pythons
  6 bats
  2 frilled lizards (D:3)
  A goblin skeleton (D:10)
  4 goblin zombies (D:10)
  2 hobgoblin skeletons (D:10)
  4 orc skeletons (D:10)
  14 orc zombies (D:10)
  21 rats
326 creatures vanquished.

Notes
Turn   | Place    | Note
-------+----------+-------------------------------------------
     0 | D:1      | lonewolfV2 the Formicid Fighter began the quest for the
                  | Orb.
     0 | D:1      | Reached XP level 1. HP: 18/18 MP: 1/1
   204 | D:1      | Reached skill level 1 in Dodging
   204 | D:1      | Reached XP level 2. HP: 24/24 MP: 2/2
   454 | D:1      | Found a faded altar of an unknown god.
   467 | D:1      | Reached XP level 3. HP: 28/30 MP: 3/3
   791 | D:2      | Reached skill level 2 in Dodging
   839 | D:2      | Identified the +7 whip "Etad" {chaos, rC+ rCorr}
   861 | D:2      | Reached XP level 4. HP: 35/37 MP: 4/4
  1324 | D:3      | Reached skill level 3 in Dodging
  1324 | D:3      | Reached XP level 5. HP: 42/42 MP: 5/5
  1603 | D:3      | Reached XP level 6. HP: 46/49 MP: 6/6
  1680 | D:3      | Reached skill level 4 in Dodging
  2244 | D:3      | Reached skill level 5 in Fighting
  2616 | D:4      | Reached XP level 7. HP: 56/56 MP: 7/7
  2701 | D:4      | Reached skill level 5 in Dodging
  2995 | D:5      | Entered Level 5 of the Dungeon
  3040 | D:5      | Noticed Sigmund
  3120 | D:5      | Reached skill level 6 in Dodging
  3252 | D:5      | Killed Sigmund
  3253 | D:5      | Reached XP level 8. HP: 65/65 MP: 8/8
  3497 | D:5      | Found a staircase to the Ecumenical Temple.
  3533 | Temple   | Entered the Ecumenical Temple
  3832 | Temple   | Became a worshipper of Qazlal Stormbringer
  4079 | D:5      | Reached skill level 1 in Invocations
  4343 | D:5      | Identified 2 scrolls of acquirement
  4343 | D:5      | Acquired the +1 pair of boots "Ekuryttu" {rN++ Str+4}
  4352 | D:6      | Acquired the amulet of Riume {Acrobat Str+3}
  4419 | D:6      | Reached skill level 7 in Dodging
  4510 | D:6      | Reached XP level 9. HP: 39/72 MP: 9/11
  4728 | D:6      | Reached * piety under Qazlal
  5035 | D:6      | Found Lyunnum's Antique Weapon Shop.
  5266 | D:6      | Acquired the ring "Wadehet" {Drain rN+ Int+6 Dex+3 SInv}
  5372 | D:7      | Found a runed translucent gate.
  5372 | D:7      | Found a runed translucent gate.
  5372 | D:7      | Found a runed translucent gate.
  5373 | D:7      | Noticed lonewolfV2's ghost (novice MiFi)
  5654 | D:7      | Reached skill level 8 in Dodging
  5700 | D:7      | Reached skill level 1 in Maces & Flails
  5816 | D:7      | Found a sacrificial altar of Ru.
  5889 | D:7      | Noticed a hornet
  5904 | D:7      | Killed a hornet
  5913 | D:7      | Reached skill level 5 in Invocations
  6045 | D:7      | Reached ** piety under Qazlal
  6077 | D:7      | Reached XP level 10. HP: 68/79 MP: 13/13
  6272 | D:7      | Reached skill level 9 in Dodging
  6672 | D:8      | Reached skill level 5 in Maces & Flails
  7496 | D:9      | Reached *** piety under Qazlal
  8189 | D:9      | Reached skill level 10 in Dodging
 12601 | D:9      | Noticed a catoblepas
 12602 | D:9      | Noticed a kobold demonologist
 12605 | D:9      | Noticed a two-headed ogre
 12615 | D:9      | Killed a two-headed ogre
 12616 | D:9      | Reached XP level 11. HP: 37/82 MP: 16/16
 12963 | D:9      | Noticed a skeletal warrior
 12974 | D:9      | Killed a skeletal warrior
 12990 | D:9      | Killed a catoblepas
 13315 | D:9      | Got Esoteric Knowledge in Simple Steps
 13544 | D:10     | Entered Level 10 of the Dungeon
 13562 | D:10     | Noticed Erica
 13572 | D:10     | Killed Erica
 13573 | D:10     | Reached skill level 11 in Dodging
 14324 | D:10     | Found a radiant altar of Vehumet.
 14358 | D:10     | Found a staircase to the Orcish Mines.
 14554 | D:10     | Found a staircase to the Lair.
 14686 | D:10     | Gained mutation: You occasionally shout uncontrollably at
                  | your foes. [potion of mutation]
 14686 | D:10     | Gained mutation: Your body sometimes deteriorates upon
                  | taking damage. [potion of mutation]
 14686 | D:10     | Gained mutation: Your magical capacity is low. (-10% MP)
                  | [potion of mutation]
 14687 | D:10     | Lost mutation: Your magical capacity is low. (-10% MP)
                  | [potion of mutation]
 14687 | D:10     | Lost mutation: Your body sometimes deteriorates upon taking
                  | damage. [potion of mutation]
 14687 | D:10     | Lost mutation: You occasionally shout uncontrollably at
                  | your foes. [potion of mutation]
 14687 | D:10     | Gained mutation: You have sharp toenails. [potion of
                  | mutation]
 14687 | D:10     | Gained mutation: You are covered in fur. (AC +1) [potion of
                  | mutation]
 14687 | D:10     | Gained mutation: You are robust. (+10% HP) [potion of
                  | mutation]
 14688 | D:10     | Lost mutation: You are covered in fur. (AC +1) [potion of
                  | mutation]
 14688 | D:10     | Lost mutation: You have sharp toenails. [potion of
                  | mutation]
 14688 | D:10     | Gained mutation: You are very robust. (+20% HP) [potion of
                  | mutation]
 14688 | D:10     | Gained mutation: You do not regenerate when monsters are
                  | visible. [potion of mutation]
 14688 | D:10     | Gained mutation: You are agile. (Dex +4, Str/Int -1)
                  | [potion of mutation]
 14689 | D:10     | Lost mutation: You are very robust. (+20% HP) [potion of
                  | mutation]
 14689 | D:10     | Lost mutation: You are agile. (Dex +4, Str/Int -1) [potion
                  | of mutation]
 14689 | D:10     | Lost mutation: You do not regenerate when monsters are
                  | visible. [potion of mutation]
 14689 | D:10     | Lost mutation: You are robust. (+10% HP) [potion of
                  | mutation]
 14689 | D:10     | Gained mutation: You have very sharp teeth. [potion of
                  | mutation]
 14690 | D:10     | Lost mutation: You have very sharp teeth. [potion of
                  | mutation]
 14690 | D:10     | Gained mutation: Your system is resistant to poisons.
                  | (rPois) [potion of mutation]
 14690 | D:10     | Lost mutation: Your system is resistant to poisons. (rPois)
                  | [potion of mutation]
 14690 | D:10     | Gained mutation: You are frail. (-10% HP) [potion of
                  | mutation]
 14691 | D:10     | Lost mutation: You are frail. (-10% HP) [potion of
                  | mutation]
 14691 | D:10     | Gained mutation: You expend magic power (3 MP) to
                  | strengthen your wands. [potion of mutation]
 14691 | D:10     | Gained mutation: Your movements are slightly less
                  | encumbered by armour. (ER -2) [potion of mutation]
 14691 | D:10     | Gained mutation: Your movements are less encumbered by
                  | armour. (ER -4) [potion of mutation]
 14692 | D:10     | Lost mutation: Your movements are less encumbered by
                  | armour. (ER -4) [potion of mutation]
 14692 | D:10     | Lost mutation: You expend magic power (3 MP) to strengthen
                  | your wands. [potion of mutation]
 14692 | D:10     | Lost mutation: Your movements are slightly less encumbered
                  | by armour. (ER -2) [potion of mutation]
 14692 | D:10     | Gained mutation: Armour fits poorly on your strangely
                  | shaped body. [potion of mutation]
 14693 | D:10     | Lost mutation: Armour fits poorly on your strangely shaped
                  | body. [potion of mutation]
 14693 | D:10     | Gained mutation: You are frail. (-10% HP) [potion of
                  | mutation]
 14693 | D:10     | Gained mutation: Armour fits poorly on your strangely
                  | shaped body. [potion of mutation]
 14693 | D:10     | Gained mutation: Your system is resistant to poisons.
                  | (rPois) [potion of mutation]
 14821 | D:10     | Found a hazy altar of Hepliaklqana.
 14821 | D:10     | Found an iron altar of Okawaru.
 14823 | D:10     | Found an ornate altar of the Wu Jian Council.
 14910 | D:11     | Reached XP level 12. HP: 38/81 MP: 18/18
 15362 | D:11     | Noticed Harold
 15372 | D:11     | Killed Harold
 15436 | D:11     | Reached skill level 5 in Armour
 15574 | D:11     | Reached **** piety under Qazlal
 16425 | D:12     | Noticed Sonja
 16440 | Abyss:2  | Cast into level 2 of the Abyss (Sonja)
 16468 | Abyss:2  | Noticed a starcursed mass
 16483 | Abyss:2  | Reached skill level 12 in Dodging
 16490 | Abyss:2  | Noticed a starcursed mass
 16491 | Abyss:2  | Noticed a starcursed mass
 16495 | Abyss:2  | HP: 6/121 [starcursed mass/accursed screaming (15)]
 16498 | Abyss:2  | Killed from afar by a starcursed mass

Illustrated notes

Levels and vault maps discovered:
D:1:      shiori_shiawase, layout_loops_ring,
          shapermc_ecumenical_altar_totnotflames
D:2:      layout_rooms
D:3:      layout_loops_corners, kennysheep_pointless_box,
          minmay_fractal_squares_gapless_5
D:4:      layout_loops_ring, serial_park_tiny_1
D:5:      layout_cave_pools, minmay_temple_entry_statues_fountains,
          nicolae_fountain_basement, uniq_sigmund
D:6:      layout_cave_pools, serial_shops, nicolae_shop_stone
D:7:      layout_gridville, mainiacjoe_overflow_concentric_impassable,
          gammafunk_ghost_necromancy
D:8:      layout_rooms, minmay_statues_item
D:9:      minmay_chambers_of_sixes, layout_basic
D:10:     layout_rooms, nicolae_vehumet_radiance,
          nicolae_overflow_hidden_temple, dpeg_oklobed_lair, zombieorc2_lemuel,
          minmay_misc_feat_iff, dk_rats_in_the_wall, uniq_erica
D:11:     layout_roguey [special_room_orc], kennysheep_big_empty_room,
          minmay_crystal_room, uniq_harold
D:12:     layout_gridville, enter_trove_6, uniq_sonja
Temple:   minmay_temple_bridge_d
Abyss:2:  base: D:1, evilmike_abyss_exit_12

Skill      XL: |  1  2  3  4  5  6  7  8  9 10 11 12 |
---------------+-------------------------------------+-----
Dodging        | 1 2 3 4 6 7 8 10 11 12 | 12.0
Fighting       | 4 5 6 7 |  7.5
Invocations    | 2 5 7 8 9 |  9.8
Maces & Flails | 3 6 9 |  9.0
Armour         | 6 |  6.5
Axes           | |  2.0
Shields        | |  4.0

Action                     |  1- 3 |  4- 6 |  7- 9 | 10-12 || total
---------------------------+-------+-------+-------+-------++-------
  Melee: War axe           |    69 |       |    30 |    76 ||   175
         Whip              |       |   129 |   247 |   476 ||   852
Ability: Dig               |       |     1 |       |       ||     1
  Evoke: Wand              |       |       |       |     2 ||     2
         Tin of tremorston |       |       |       |     2 ||     2
    Use: Scroll            |     3 |     4 |    12 |    10 ||    29
         Potion            |       |       |     2 |    14 ||    16
   Stab: Paralysed         |       |     1 |       |     2 ||     3
         Confused          |       |       |       |     4 ||     4
 Armour: Scale mail        |    36 |    36 |    55 |       ||   127
         Chain mail        |       |       |    51 |    67 ||   118
         Plate armour      |       |       |       |    75 ||    75
         Skin              |       |       |       |     8 ||     8
  Dodge: Dodged            |    38 |   151 |   323 |   315 ||   827
  Block: Buckler           |    24 |    34 |    79 |       ||   137
         Kite shield       |       |       |   104 |   463 ||   567
